 Dungeon Crawl Stone Soup version 0.31.0-12-g77e489cdc1 (webtiles) character file.

Game seed: 12625920855026160369

3815 Doomgape the Grappler (level 9, -3/83 HPs)
             Began as a Troll Fighter on Mar 2, 2024.
             Was a Believer of Hepliaklqana.
             Slain by a basilisk (7 damage)
             ... while petrified by a basilisk
             ... on level 9 of the Dungeon.
             The game lasted 00:19:11 (6234 turns).

Doomgape the Grappler (Troll Fighter)               Turns: 6234, Time: 00:19:11

Health: -3/83      AC:  7    Str: 30    XL:     9   Next: 97%
Magic:  8/8        EV:  1    Int:  4    God:    Hepliaklqana [**....]
Gold:   387        SH:  0    Dex:  9    Spells: 8/8 levels left

rFire   . .          .
                       - Unarmed
rCold   . . .        b - +1 kite shield
rNeg    + + +        x - +0 steam dragon scales
rPois   ∞            (helmet restricted)
rElec   .            (no cloak)
rCorr   .            (gloves unavailable)
SInv    .            (boots unavailable)
Will    .....        (no amulet)
Stlth   +            (no ring)
HPRegen 1.13/turn    (no ring)
MPRegen 0.11/turn

%: no passive effects
@: petrified
A: reduced essence, large, unfitting armour, claws 3, regeneration 1, shaggy fur
1, tough skin 1
a: Renounce Religion, Recall Ancestor, Ancestor Identity


You were on level 9 of the Dungeon.
You worshipped Hepliaklqana.
Hepliaklqana was pleased with you.
You visited 2 branches of the dungeon, and saw 10 of its levels.

You collected 587 gold pieces.
You spent 200 gold pieces at shops.

Inventory:

Missiles
 s - 4 throwing nets (quivered)
 y - 6 javelins
Armour
 b - a +1 kite shield (worn)
 x - +0 steam dragon scales (worn)
Jewellery
 g - an amulet of reflection
Wands
 o - a wand of digging (2)
 v - a wand of flame (11)
 C - a wand of mindburst (14)
Scrolls
 a - a scroll of enchant weapon
 d - 4 scrolls of identify
 e - 5 scrolls of teleportation
 m - a scroll of immolation
 t - 2 scrolls of poison
 u - a scroll of fog {unknown}
 D - 2 scrolls of brand weapon {unknown}
Potions
 f - a potion of curing
 h - a potion of brilliance {unknown}
 i - 2 potions of ambrosia {unknown}
 j - 3 potions of lignification
 k - 2 potions of berserk rage
 l - 3 potions of heal wounds
 n - a potion of magic
 q - a potion of haste
 w - a potion of invisibility {unknown}
 z - a potion of mutation {unknown}
 A - a potion of cancellation {unknown}
 B - 2 potions of might


   Skills:
 + Level 7.4 Fighting
 - Level 2.4 Dodging
 + Level 8.1 Shields
 + Level 8.5 Unarmed Combat


You had 8 spell levels left.
You didn't know any spells.
Your spell library contained the following spells:

 Spells                   Type           Power      Damage    Failure   Level
 Shock                    Conj/Air       0%         1d3       67%         1
 Ensorcelled Hibernation  Hex/Ice        0%         N/A       82%         2
 Fugue of the Fallen      Necr           0%         N/A       96%         3
 Swiftness                Air            0%         N/A       96%         3
 Volatile Blastmotes      Fire/Tloc      0%         2d10      96%         3
 Airstrike                Air            0%         2d(0-16)  100%        4
 Anguish                  Hex/Necr       0%         N/A       100%        4
 Fulminant Prism          Conj/Alch      0%         3d5       100%        4
 Iskenderun's Mystic Bla  Conj/Tloc      0%         2d3       100%        4


Dungeon Overview and Level Annotations

Branches:
Dungeon (9/15)             Temple (1/1) D:7
   Lair: D:8-11         Orc: D:9-12

Altars:
Ashenzari
Cheibriados
Dithmenos
Gozag
Hepliaklqana
Makhleb
Nemelex Xobeh
Okawaru
Qazlal
Ru
Trog
Uskayaw
Vehumet
Wu Jian
Xom
Yredelemnul
Zin
The Shining One

Shops:
D:3 :   D:4 *   D:6 *(!*   D:8 *


Innate Abilities, Weirdness & Mutations

Your life essence is reduced to manifest your ancestor. (-10% HP)
You are too large for most types of armour.
You have claws for hands.
Your natural rate of healing is unusually fast.
You are covered in fur. (AC +1)
You have tough skin. (AC +1)


Message History

Anna is unaffected.
The orc barely misses you.
Anna barely misses the wyvern.
You block the wyvern's attack.
You have turned to stone.
The basilisk bites you! The orc hits you with a +0 hand axe.
The wyvern bites you but does no damage.
Anna gestures at the wyvern while chanting.
The stone arrow hits the wyvern!
The wyvern bites Anna.
The basilisk bites you but does no damage.
Anna barely misses the wyvern.
The wyvern bites Anna!
A yak comes into view.
The basilisk bites you but does no damage.
The wyvern barely misses Anna.
Anna closely misses the wyvern.
The wyvern barely misses Anna.
A yak comes into view.
The basilisk gazes at you. You resist with some effort.
Anna hits the wyvern with a +0 quarterstaff.
The wyvern bites Anna but does no damage.
The yak gores you. The basilisk bites you.
The wyvern bites Anna!
Anna is destroyed!
The wyvern bites you but does no damage.
The basilisk bites you! The yak gores you.
The wyvern bites you but does no damage.
The yak gores you! x2; The basilisk bites you!
* * * LOW HITPOINT WARNING * * *
The wyvern bites you.
* * * LOW HITPOINT WARNING * * *
The wyvern bites you.
* * * LOW HITPOINT WARNING * * *
The yak gores you but does no damage. The basilisk bites you!
* * * LOW HITPOINT WARNING * * *
The yak gores you!
* * * LOW HITPOINT WARNING * * *
A wight comes into view.
It is wielding a +3 long sword of freezing.
The wyvern bites you but does no damage.
The yak gores you!
* * * LOW HITPOINT WARNING * * *
The yak gores you but does no damage. The basilisk bites you!
You die...

###+#######
#..........
+..........
#..<.......
#..........
#..........
#..........
#.@Y.......
#lkY.......
..oY........
.....####+####
.zP...# .....#
....# ..##


You could see 3 yaks, a basilisk, a wyvern, a wight and an orc.

Vanquished Creatures
  The ghost of Uridium100 the Skirmisher, a novice MiHu of the Shining One (D:6)
  Jeremiah (D:8)
  2 steam dragons
  A water moccasin (D:5)
  A sky beast (D:7)
  2 black bears
  An orc warrior (D:9)
  An ogre (D:5)
  A phantom (D:5)
  Blork the orc (D:4)
  A scorpion (D:6)
  2 gnoll sergeants (D:6)
  4 bullfrogs
  9 killer bees (D:8)
  An electric eel (D:7)
  A howler monkey (D:5)
  5 hounds
  A gnoll bouda (D:6)
  2 orc priests
  2 jellies
  2 orc wizards (D:8)
  3 iguanas
  30 gnolls
  7 adders
  4 ufetubi
  A dart slug (D:4)
  2 ribbon worms
  30 orcs
  6 bats
  4 endoplasms
  2 giant cockroaches
  11 goblins
  6 hobgoblins
  6 jackals
  8 kobolds
  6 quokkas
  7 ball pythons
  5 frilled lizards
  2 rats
182 creatures vanquished.

Vanquished Creatures (collateral kills)
  Prince Ribbit (D:8)
  A sky beast (D:8)
  An orc priest (D:8)
  A hound (D:6)
  An iguana (D:7)
  3 orc wizards (D:8)
  2 orcs (D:8)
10 creatures vanquished.

Vanquished Creatures (others)
  A battlemage (D:9)
1 creature vanquished.

Grand Total: 193 creatures vanquished

Notes
Turn   | Place    | Note
-------+----------+-------------------------------------------
     0 | D:1      | Doomgape the Troll Fighter began the quest for the Orb.
     0 | D:1      | Reached XP level 1. HP: 22/22 MP: 0/0
   114 | D:1      | Reached XP level 2. HP: 25/29 MP: 1/1
   966 | D:2      | Reached XP level 3. HP: 20/36 MP: 2/2
  1026 | D:1      | Reached XP level 4. HP: 28/45 MP: 3/3
  1645 | D:3      | Found a hide-covered altar of Uskayaw.
  1654 | D:3      | Found a radiant altar of Vehumet.
  1655 | D:3      | Found a glowing silver altar of Zin.
  1655 | D:3      | Found a shadowy altar of Dithmenos.
  1720 | D:3      | Reached XP level 5. HP: 48/53 MP: 4/4
  1720 | D:3      | Found Pamum's Book Shop.
  1925 | D:4      | Noticed Blork the orc
  1937 | D:4      | Killed Blork the orc
  2019 | D:4      | Found Efissuix's Assorted Antiques.
  2027 | D:4      | Bought a scroll of identify for 50 gold pieces
  2339 | D:4      | Reached XP level 6. HP: 62/62 MP: 5/5
  2865 | D:5      | Entered Level 5 of the Dungeon
  3264 | D:5      | Reached XP level 7. HP: 67/71 MP: 6/6
  3327 | D:5      | Reached skill level 5 in Shields
  3384 | D:5      | Found a snail-covered altar of Cheibriados.
  3466 | D:5      | Reached skill level 5 in Unarmed Combat
  3494 | D:5      | Found a hazy altar of Hepliaklqana.
  3639 | D:5      | Became a worshipper of Hepliaklqana the Forgotten
  3874 | D:6      | Found a runed translucent door.
  3884 | D:6      | Found Qedghun's Distillery.
  3915 | D:6      | Bought a potion of heal wounds for 75 gold pieces
  3915 | D:6      | Bought a potion of heal wounds for 75 gold pieces
  3924 | D:6      | Noticed Uridium100's ghost (novice MiHu)
  3936 | D:6      | Reached skill level 5 in Fighting
  3942 | D:6      | Reached XP level 8. HP: 65/80 MP: 7/7
  3953 | D:6      | Killed Uridium100's ghost
  4160 | D:6      | Found Keocw's General Store.
  4211 | D:6      | Found Pysaiso's Antique Weapon Shoppe.
  4546 | D:6      | Found Laezugim's Assorted Antiques.
  4571 | D:6      | Reached * piety under Hepliaklqana
  4586 | D:6      | Reached XP level 9. HP: 65/80 MP: 8/8
  4641 | D:6      | Identified the +10 dagger of Conformity {holy, ^Contam
                  | rPois rCorr Stlth+}
  5018 | D:7      | Found a staircase to the Ecumenical Temple.
  5077 | Temple   | Entered the Ecumenical Temple
  5505 | D:7      | Found an iron altar of Okawaru.
  5603 | D:8      | Reached ** piety under Hepliaklqana
  5627 | D:8      | Noticed Prince Ribbit
  5628 | D:8      | Remembered your ancestor Anna as a battlemage
  5655 | D:8      | Killed Prince Ribbit
  5679 | D:8      | Found Gegaevaf's Lightly-Used Armoury.
  5888 | D:8      | Noticed Jeremiah
  6002 | D:8      | Killed Jeremiah
  6033 | D:8      | Found a shimmering altar of Xom.
  6119 | D:8      | Found a burning altar of Makhleb.
  6119 | D:8      | Noticed a blizzard demon
  6234 | D:9      | HP: 4/83 [yak (6)]
  6234 | D:9      | Slain by a basilisk

Illustrated notes

Levels and vault maps discovered:
D:1:      dpeg_arrival_stone_temple_mockup, layout_basic,
          chequers_serial_rivers_large_a, amcnicky_mini_rare_corridor_liquid,
          serial_bayou_pond_e
D:2:      layout_basic
D:3:      layout_rooms, grunt_temple_overflow_open, serial_shops, shop,
          kennysheep_generic_room_4
D:4:      layout_basic, serial_shops, nicolae_shop_just_a_little_nook,
          minmay_misc_feat_ornament, uniq_blork_the_orc
D:5:      layout_loops_corners, mainiacjoe_overflow_chevrons,
          mainiacjoe_overflow_alcove_4
D:6:      layout_cave_pods, serial_shops, nicolae_shop_getting_attention,
          serial_gnoll_camp, gnoll_camp_mini_shop, gnoll_camp_mini_hut,
          gnoll_camp_mini_loothouse, gnoll_camp_mini_shop, gnoll_camp_mini_shop,
          gnoll_camp_medium_02, ebering_ghost_sewer_d
D:7:      nicolae_cairo_tiling_very_big, layout_cave_pools, okawaru_gym_becter,
          temple_fountains, minivault_14, minivault_22,
          eino_small_chamber_without_monster, amcnicky_mini_corridor_feature
D:8:      layout_rooms, makhleb_altar_promises_db,
          mainiacjoe_overflow_tiny_flanked, minmay_shop_damaged, uniq_amaemon,
          uniq_jeremiah, uniq_prince_ribbit1
D:9:      layout_roguey, lemuel_coloured_pillars_altar,
          kiku_gazebo_garden_becter, david_lair_generic
Temple:   nicolae_temple_ecumenical_triangle

Skill      XL: |  1  2  3  4  5  6  7  8  9 |
---------------+----------------------------+-----
Shields        | 3 4 5 6 8 |  8.1
Fighting       | 3 4 5 6 7 |  7.4
Unarmed Combat | 3 4 5 7 8 |  8.5
Dodging        | |  2.4

Action                     |  1- 3 |  4- 6 |  7- 9 || total
---------------------------+-------+-------+-------++-------
  Melee: Unarmed           |    75 |   196 |   266 ||   537
 Invoke: Ancestor Identity |       |       |     1 ||     1
         Recall Ancestor   |       |       |     1 ||     1
         Ancestor Life: Ba |       |       |     1 ||     1
  Evoke: Wand              |       |       |     8 ||     8
    Use: Scroll            |       |     6 |     8 ||    14
         Potion            |       |       |     4 ||     4
   Stab: Distracted        |       |       |     1 ||     1
 Armour: Robe              |    43 |    97 |    71 ||   211
         Steam dragon scal |       |       |   139 ||   139
  Dodge: Dodged            |    16 |    70 |    84 ||   170
  Block: Kite shield       |    16 |    77 |   141 ||   234
